 Dungeon Crawl Stone Soup version 0.24.0-123-gd5b16e6ec5 (webtiles) character file.

Game seed: 3371341936837381699, levelgen mode: deterministic

56 MisterT the Firebug (level 4, -1/27 HPs)
             Began as a Halfling Fire Elementalist on Jan 11, 2020.
             Slain by a centaur
             ... wielding a cursed -3 shortbow
              (2 damage)
             ... on level 2 of the Dungeon.
             The game lasted 00:24:17 (1906 turns).

MisterT the Firebug (Halfling Fire Elementalist)    Turns: 1906, Time: 00:24:18

Health: -1/27      AC:  3    Str:  9    XL:     4   Next: 15%
Magic:  6/6        EV: 14    Int: 13    God:
Gold:   36         SH:  0    Dex: 15    Spells: 5/6 levels left

rFire    . . .     SeeInvis .   b - +0 short sword
rCold    . . .     Gourm    .   (shield restricted)
rNeg     . . .     Faith    .   f - +0 leather armour
rPois    .         Spirit   .   (no helmet)
rElec    .         Reflect  .   (no cloak)
rCorr    .         Harm     .   (no gloves)
MR       .....                  (no boots)
Stlth    ++........             (no amulet)
HPRegen  0.09/turn              (no ring)
MPRegen  0.10/turn              (no ring)

@: no status effects
A: small, mutation resistance 1
a: no special abilities


You were on level 2 of the Dungeon.
You were not hungry.

You visited 1 branch of the dungeon, and saw 2 of its levels.

You collected 36 gold pieces.

Inventory:

Hand Weapons
 b - a +0 short sword (weapon)
Missiles
 e - 55 stones
 o - 11 poisoned darts
 r - 4 javelins (quivered)
Armour
 f - a +0 leather armour (worn)
Scrolls
 a - 2 scrolls of teleportation {unknown}
 d - a scroll of enchant weapon {unknown}
 h - a scroll of immolation {unknown}
 j - a scroll of random uselessness {unknown}
 k - a scroll of fear {unknown}
 l - a scroll of noise {unknown}
 p - a scroll of remove curse {unknown}
 q - a scroll of enchant armour {unknown}
Potions
 g - a potion of mutation {unknown}
 i - a potion of degeneration {unknown}
 m - a potion of ambrosia {unknown}
 n - a potion of might {unknown}
Comestibles
 c - 6 rations


   Skills:
 + Level 0.7 Fighting
 * Level 1.5 Short Blades
 + Level 2.4 Dodging
 * Level 2.9 Stealth
 - Level 1.6 Spellcasting
 - Level 0.7 Conjurations
 + Level 3.7 Fire Magic


You had 5 spell levels left.
You knew the following spells:

 Your Spells              Type           Power        Failure   Level  Hunger
a - Flame Tongue          Conj/Fire      #....        16%         1    ##.....

Your spell library contained the following spells:

 Spells                   Type           Power        Failure   Level  Hunger
 Throw Flame              Conj/Fire      #.....       22%         2    ###....
 Conjure Flame            Conj/Fire      #.......     41%         3    ####...
 Inner Flame              Hex/Fire       #.......     45%         3    ####...
 Sticky Flame             Conj/Fire      #.......     83%         4    #####..
 Fireball                 Conj/Fire      #.........   99%         5    ######.


Dungeon Overview and Level Annotations

Branches:
Dungeon (2/15)

Altars:
Kikubaaqudgha
Zin


Innate Abilities, Weirdness & Mutations

You are small and have problems with some larger weapons.
You are somewhat resistant to further mutation.


Message History

The centaur is heavily wounded.
The centaur closely misses you.
You hit the centaur.
The centaur is almost dead.
The centaur misses you.
You barely miss the centaur.
The centaur is almost dead.
The centaur hits you with a cursed -3 shortbow. x2
You hit the centaur.
The centaur is almost dead.
The centaur barely misses you.
You hit the centaur.
The centaur is almost dead.
The centaur hits you with a cursed -3 shortbow.
The centaur hits you with a cursed -3 shortbow!
* * * LOW HITPOINT WARNING * * *
You closely miss the centaur.
The centaur is almost dead.
The centaur hits you with a cursed -3 shortbow.
You die...

#.#
#.##.#
#.##.#
#.##.#
#.##.#
#.##.#
#.##.#
#c##.#
#@##.#
#....#
#(##.#
######


You could see a centaur.

Vanquished Creatures
  2 adders (D:2)
  A dart slug (D:1)
  A leopard gecko (D:2)
  A ball python (D:1)
  2 giant cockroaches (D:2)
  3 goblins
  3 hobgoblins (D:2)
  6 kobolds
  A quokka (D:2)
  5 bats
  5 frilled lizards
  4 rats
34 creatures vanquished.

Notes
Turn   | Place    | Note
-------+----------+-------------------------------------------
     0 | D:1      | MisterT the Halfling Fire Elementalist began the quest for
                  | the Orb.
     0 | D:1      | Reached XP level 1. HP: 11/11 MP: 3/3
   444 | D:1      | Reached XP level 2. HP: 15/18 MP: 2/4
  1143 | D:2      | Reached XP level 3. HP: 22/22 MP: 5/5
  1169 | D:2      | Found an ancient bone altar of Kikubaaqudgha.
  1273 | D:2      | Found a glowing silver altar of Zin.
  1610 | D:2      | Reached skill level 1 in Short Blades
  1852 | D:2      | Reached XP level 4. HP: 27/27 MP: 1/6
  1895 | D:2      | Noticed a centaur
  1905 | D:2      | HP: 1/27 [centaur/cursed -3 shortbow (8)]
  1906 | D:2      | Slain by a centaur

Levels and vault maps discovered:
D:1:      dpeg_arrival_three_bigger_balls, layout_basic, st_stairs_5,
          corexii_item_surrounded_by_moat, minmay_hexomino_p4
D:2:      layout_basic, zin_scriptorium, lemuel_doored_altar, bh_walls_and_bars

Skill      XL: |  1  2  3 |
---------------+----------+-----
Short Blades   | 1 |  1.5
Fighting       | |  0.7
Dodging        | |  2.4
Stealth        | |  2.9
Spellcasting   | |  1.6
Conjurations   | |  0.7
Fire Magic     | |  3.7

Action                   |  1- 3 |  4- 6 || total
-------------------------+-------+-------++-------
Melee: Short sword       |    65 |     9 ||    74
Throw: Stone             |     6 |       ||     6
 Cast: Flame Tongue      |    24 |     1 ||    25
 Stab: Sleeping          |     2 |       ||     2
  Eat: Chunk             |     4 |       ||     4
Armor: Robe              |    12 |       ||    12
       Leather armour    |    19 |     1 ||    20
Dodge: Dodged            |   100 |     8 ||   108
